 Dungeon Crawl Stone Soup version 0.19.0-2-gae57169 (webtiles) character file.

113 lorenzova the Magician (level 4, -1/24 HPs)
             Began as a Deep Elf Conjurer on Nov 5, 2016.
             Was a Follower of Vehumet.
             Killed from afar by Sigmund (5 damage)
             ... with a wand of flame
             ... on level 3 of the Dungeon.
             The game lasted 00:03:53 (2082 turns).

lorenzova the Magician (Deep Elf Conjurer)          Turns: 2082, Time: 00:03:54

Health: -1/24      AC:  3    Str:  5    XL:     4   Next: 65%
Magic:  2/13       EV: 13    Int: 21    God:    Vehumet [*.....]
Gold:   82         SH:  0    Dex: 15    Spells: 2 memorised, 8 levels left

rFire  . . .     SeeInvis .     r - +0 short sword
rCold  . . .     Gourm    .     a - +0 robe
rNeg   . . .     Faith    .     (no shield)
rPois  .         Spirit   .     (no helmet)
rElec  .         Reflect  .     (no cloak)
rCorr  .         Harm     .     s - +0 pair of gloves
MR     .....                    (no boots)
Stlth  ++........               (no amulet)
                                (no ring)
                                (no ring)

@: no status effects
A: no striking features
a: Renounce Religion


You were on level 3 of the Dungeon.
You worshipped Vehumet.
Vehumet was aware of your devotion.
You were hungry.

You visited 1 branch of the dungeon, and saw 3 of its levels.

You collected 82 gold pieces.

Inventory:

Hand Weapons
 r - a +0 short sword (weapon)
Armour
 a - a +0 robe (worn)
 s - a +0 pair of gloves (worn)
Scrolls
 d - a scroll of remove curse {unknown}
 e - 3 scrolls of enchant armour {unknown}
 i - a scroll of fear {unknown}
 k - a scroll of blinking {unknown}
 l - a scroll of recharging {unknown}
 p - a scroll of fog {unknown}
 q - a scroll of identify {unknown}
Potions
 f - a potion of degeneration {unknown}
 h - a potion of heal wounds {unknown}
 j - a potion of might {unknown}
 m - 2 potions of mutation {unknown}
 o - 2 potions of berserk rage {unknown}
Books
 b - a book of Conjurations

   Spells                             Type                      Level
   a - Magic Dart                     Conjuration                  1
   b - Searing Ray                    Conjuration                  2
   c - Dazzling Spray                 Conjuration/Hexes            3
   d - Fulminant Prism                Conjuration/Hexes            4
   e - Iskenderun's Mystic Blast      Conjuration                  4
   f - Iskenderun's Battlesphere      Conjuration/Charms           5
Comestibles
 c - a bread ration
 g - a meat ration
 n - a slice of pizza


   Skills:
 - Level 2.4 Dodging
 - Level 2.4 Stealth
 + Level 5.4 Spellcasting
 + Level 5.4 Conjurations


You had 8 spell levels left.
You knew the following spells:

 Your Spells              Type           Power        Failure   Level  Hunger
a - Magic Dart            Conj           ####         1%          1    None
c - Iskenderun's Mystic   Conj           ####....     14%         4    ####...


Dungeon Overview and Level Annotations

Branches:
Dungeon (3/15)

Altars:
Hepliaklqana
Vehumet
Yredelemnul

Annotations:
D:3 Sigmund


Message History

Aiming: Magic Dart
Press: ? - help, Shift-Dir - straight line, f/p - Sigmund
Aim: Sigmund, wielding a scythe, wearing a robe and carrying a wand of flame {zapped: 1} (severely wounded, fast)
The magic dart hits Sigmund.
Sigmund is almost dead.
Sigmund mumbles some strange words.
Sigmund flickers and vanishes!
Deactivating autopickup; reactivate with Ctrl-A.
Casting: Magic Dart
Confirm with . or Enter, or press ? or * to list all spells.
You can't see any susceptible monsters within range! (Use Z to cast anyway.)
You start resting.
You hear a zap.
A puff of flame appears from out of thin air!
The puff of flame hits you!
* * * LOW HITPOINT WARNING * * *
You hear a zap.
A puff of flame appears from out of thin air!
The puff of flame hits you!
You die...

.... .... #...
..# #.{# ...#
#..# ####.P# #..+
# ..#..#
+..####.# #.#..#
#.@.....#
#.#.#####.......#
#...#..#...####.#
#<..#).#.⌠.#
#.###.#..#...#
##...#.#)##..##
#.......(.....#
#.........P...#
#.......####..+


There were no monsters in sight!

Vanquished Creatures
  2 adders (D:2)
  A gnoll (D:2)
  An ooze (D:2)
  5 dart slugs
  3 leopard geckos
  An orc (D:3)
  A ball python (D:2)
  7 bats
  3 giant cockroaches (D:2)
  8 goblins
  10 hobgoblins
  10 jackals
  A quokka (D:2)
  5 frilled lizards
  A kobold (D:2)
  3 rats
62 creatures vanquished.

Notes
Turn   | Place    | Note
-------+----------+-------------------------------------------
     0 | D:1      | lorenzova the Deep Elf Conjurer began the quest for the Orb.
     0 | D:1      | Reached XP level 1. HP: 10/10 MP: 6/6
   272 | D:1      | Reached XP level 2. HP: 15/15 MP: 5/8
   772 | D:1      | Reached XP level 3. HP: 19/19 MP: 1/10
   964 | D:2      | Reached skill level 5 in Conjurations
  1272 | D:2      | Found a radiant altar of Vehumet.
  1288 | D:2      | Became a worshipper of Vehumet
  1293 | D:2      | Reached XP level 4. HP: 24/24 MP: 10/12
  1299 | D:2      | Learned a level 4 spell: Iskenderun's Mystic Blast
  1399 | D:2      | Reached skill level 5 in Spellcasting
  1712 | D:2      | Found a basalt altar of Yredelemnul.
  1713 | D:2      | Found a hazy altar of Hepliaklqana.
  2032 | D:3      | Reached * piety under Vehumet
  2032 | D:3      | Offered knowledge of Flame Tongue by Vehumet.
  2076 | D:3      | Noticed Sigmund
  2082 | D:3      | Killed from afar by Sigmund

Skill      XL: |  1  2  3  4 |
---------------+-------------+-----
Spellcasting   | 4 5 |  5.4
Conjurations   | 5 |  5.4
Dodging        | |  2.4
Stealth        | |  2.4

Action                   |  1- 3 |  4- 6 || total
-------------------------+-------+-------++-------
Melee: Unarmed           |     9 |       ||     9
 Cast: Magic Dart        |    66 |    53 ||   119
       Iskenderun's Myst |       |     2 ||     2
  Eat: Chunk             |     1 |     2 ||     3
Armor: Robe              |     1 |     2 ||     3
Dodge: Dodged            |    17 |     3 ||    20
